 Dungeon Crawl Stone Soup version 0.30-a0-772-g5528072125 (webtiles) character file.

Game seed: 740263632423628482

51319 bpung the Protected (level 14, -1/94 HPs)
             Began as a Gargoyle Fighter on Feb 12, 2023.
             Was the Champion of Makhleb.
             Killed by divine providence
             ... invoked by an orc priest
              (15 damage)
             ... on level 2 of the Orcish Mines.
             The game lasted 00:38:06 (17714 turns).

bpung the Protected (Gargoyle Fighter)             Turns: 17714, Time: 00:38:06

Health: -1/94      AC: 52    Str: 25      XL:     14   Next: 59%
Magic:  31/31      EV:  7    Int:  9 (12) God:    Makhleb [******]
Gold:   727        SH: 12    Dex:  8      Spells: 13/13 levels left

rFire   . . .      SeeInvis .    b - +2 morningstar (protect)
rCold   . . .      Faith    .    c - +1 buckler
rNeg    + + .      Spirit   .    k - +10 plate armour of Cucil {Regen+ rCorr MP+9}
rPois   ∞          Reflect  +    j - +2 helmet
rElec   +          Harm     +    g - scarf {harm}
rCorr   +          Rampage  .    o - +0 pair of gloves
Will    ++...                    i - +2 pair of boots {Stlth+} Stlth
                                 y - amulet of reflection
HPRegen 1.15/turn                u - ring of positive energy
MPRegen 0.22/turn                B - ring of willpower

@: under a protective aura, flying
A: sickness immunity, AC +10, big wings, negative energy resistance 1,
electricity resistance, torment resistance 1, petrification resistance, clever 1
a: Renounce Religion, Minor Destruction, Lesser Servant of Makhleb, Major
Destruction, Greater Servant of Makhleb


You were on level 2 of the Orcish Mines.
You worshipped Makhleb.
Makhleb was exalted by your worship.
You visited 4 branches of the dungeon, and saw 19 of its levels.

You collected 1303 gold pieces.
You spent 576 gold pieces at shops.

Inventory:

Hand Weapons
 a - a +2 whip of venom
 b - a +2 morningstar of protection (weapon)
 v - a +0 flail
Missiles
 f - 5 throwing nets
 n - 9 curare-tipped darts (quivered)
 s - 25 poisoned darts
Armour
 c - a +1 buckler (worn)
 g - a scarf of harm (worn)
 i - a +2 pair of boots of stealth (worn)
 j - a +2 helmet (worn)
 k - the +10 plate armour of Cucil (worn) {Regen+ rCorr MP+9}
   (You acquired it on level 5 of the Dungeon)

   MP:        It affects your magic capacity (+9).
   Regen:     It increases your rate of health regeneration.
   rCorr:     It protects you from acid and corrosion.
 o - a +0 pair of gloves (worn)
 p - a +0 cloak
Jewellery
 u - a ring of positive energy (left hand)
 y - an amulet of reflection (around neck)
 B - a ring of willpower (right hand)
 C - an amulet of faith
 E - a ring of protection from fire
 L - a ring of magical power
 M - an amulet of magic regeneration
Wands
 q - a wand of flame (20)
 x - a wand of digging (3)
 F - a wand of charming (11)
 I - a wand of roots (6)
Scrolls
 e - 6 scrolls of teleportation
 h - 6 scrolls of poison
 m - 3 scrolls of blinking
 r - 11 scrolls of identify
 A - 2 scrolls of magic mapping
 D - 3 scrolls of butterflies
 J - a scroll of fear
 K - 2 scrolls of amnesia
Potions
 d - 2 potions of might
 l - 3 potions of invisibility
 t - 3 potions of heal wounds
 w - 4 potions of brilliance
 z - 3 potions of haste
 H - a potion of flight


   Skills:
 + Level 13.0 Fighting
 + Level 11.8 Maces & Flails
 + Level 13.1 Armour
 + Level 13.0 Shields
 + Level 11.7 Invocations


You had 13 spell levels left.
You didn't know any spells.
Your spell library contained the following spells:

 Spells                   Type           Power      Damage    Failure   Level
 Magic Dart               Conj           0%         1d3       99%         1
 Summon Small Mammal      Summ           0%         N/A       99%         1
 Call Imp                 Summ           0%         N/A       99%         2
 Ensorcelled Hibernation  Hex/Ice        0%         N/A       99%         2
 Passwall                 Tmut/Erth      0%         N/A       99%         2
 Call Canine Familiar     Summ           0%         N/A       100%        3
 Kindle Blastsparks       Fire/Tloc/Air  0%         2d10      100%        3
 Mephitic Cloud           Conj/Pois/Air  0%         N/A       100%        3
 Ozocubu's Armour         Ice            0%         N/A       100%        3
 Summon Guardian Golem    Hex/Summ       0%         N/A       100%        3
 Swiftness                Air            0%         N/A       100%        3
 Vhi's Electric Charge    Tloc/Air       0%         N/A       100%        3
 Fulminant Prism          Conj/Hex       0%         3d5       100%        4
 Iskenderun's Mystic Bla  Conj/Tloc      0%         2d3       100%        4
 Petrify                  Tmut/Erth      0%         N/A       100%        4
 Arcjolt                  Conj/Air       0%         1d10      100%        5
 Irradiate                Conj/Tmut      0%         3d11      100%        5
 Lee's Rapid Deconstruct  Erth           0%         3d4*      100%        5
 Ozocubu's Refrigeration  Ice            0%         4d7       100%        7
 Maxwell's Capacitive Co  Air            0%         ∞         100%        8
 Sublimation of Blood     Necr           Unusable   N/A       N/A         2

Dungeon Overview and Level Annotations

Branches:
Dungeon (11/15)            Temple (1/1) D:5            Lair (5/5) D:11
  Swamp (0/4) Lair:3       Spider (0/4) Lair:3        Slime (0/5) Lair:4
    Orc (2/2) D:9             Elf (0/3) Orc:2

Altars:
Cheibriados
Dithmenos
Gozag
Kikubaaqudgha
Makhleb
Nemelex Xobeh
Okawaru
Qazlal
Ru
Xom

Shops:
D:8 [   D:9 =   Orc:2 ?![(

Annotations:
D:7 2 runed translucent doors, cheesebisquit's ghost, novice GrEE


Innate Abilities, Weirdness & Mutations

You are immune to sickness and miasma.
Your stone body is resilient. (AC +10)
You are immune to poison.
Your large and strong wings let you fly.
You resist negative energy. (rN+)
You are resistant to electric shocks. (rElec)
You are resistant to unholy torment.
You are immune to petrification.
Your mind is acute. (Int +4, Str/Dex -1)


Message History

You completely miss the orc priest.
The orc priest is engulfed in seething chaos.
Really fly into that cloud of seething chaos? [Y]es or [N]o only, please.
Really fly into that cloud of seething chaos? [Y]es or [N]o only, please.
Really fly into that cloud of seething chaos?
Okay, then.
You hit the orc priest.
The orc priest is moderately wounded.
The orc priest calls down the wrath of Beogh upon you.
Beogh smites you!
* * * LOW HITPOINT WARNING * * *
You hit the orc high priest.
The orc high priest is lightly wounded.
You block the orc priest's attack.
The orc high priest hits you with a +0 battleaxe.
* * * LOW HITPOINT WARNING * * *
You barely miss the orc high priest.
The orc high priest is lightly wounded.
The orc priest calls down the wrath of Beogh upon you.
Beogh smites you!
* * * LOW HITPOINT WARNING * * *
The orc high priest barely misses you.
You bludgeon the orc high priest!!
The orc high priest is heavily wounded.
The orc priest hits you but does no damage.
The orc high priest prays to Beogh.
You impale the orc high priest!!
You kill the orc high priest!
Makhleb accepts your kill.
You feel better.
The smoke demon disappears in a puff of smoke!
The neqoxec disappears in a puff of smoke!
The orc priest hits you but does no damage.
You closely miss the orc priest.
The orc priest is moderately wounded.
The orc priest invokes the aid of Beogh against you.
Beogh smites you!
You die...

[..........................^.....
..)..............................
....######..###.###.#######..####
#...#∩...#..# #.# #.# #..#...
##..#....#..###.###.#######..#...
....#....#...................#)).
....###'##(.........###.###..##)#
.............8...8..# #.# #....).
....###'##.....o@...# #.# #.###)#
....#....#..###)###.###.###.#....
....#....#..#.§...#..))[....#....
#...#....#..#.....#.###.###.#....
##..#∩...#..#.._..#.# #.# #.#....
#..######..#######.###.###.#####
#...............................
#...............................
################################


You could see an orc priest.

Vanquished Creatures
  A dire elephant (Lair:4)
  Josephine (D:10)
  Harold (D:9)
  A hydra (Lair:5)
  Erica (D:9)
  2 two-headed ogres
  2 boulder beetles
  9 death yaks
  8 orc high priests
  Urug (Lair:3)
  2 skysharks (Lair:4)
  An orc sorcerer (Orc:1)
  Maurice (D:9)
  15 elephants
  5 black mambas
  9 cane toads
  Maggie (Lair:2)
  5 rime drakes
  11 komodo dragons
  3 trolls
  A meliai (Lair:3)
  2 polar bears (Lair:4)
  8 blink frogs
  Sigmund (D:2)
  3 wyverns
  5 wraiths
  3 basilisks
  33 yaks
  2 vampire mosquitoes (D:11)
  A steam dragon (D:8)
  Menkaure (D:7)
  5 wargs
  An acid dragon (D:11)
  8 water moccasins
  11 orc warriors
  2 black bears
  18 wolves
  4 ogres
  2 centaurs
  2 phantoms
  4 kobold brigands
  13 bullfrogs
  2 necrophages
  A scorpion (D:5)
  17 wights
  10 killer bees
  6 electric eels (Lair:3)
  6 howler monkeys
  3 hounds
  39 orc priests
  A gnoll bouda (D:6)
  6 jellies
  3 iguanas
  25 orc wizards
  Robin (D:2)
  6 gnolls
  7 adders
  A shadow imp (D:5)
  4 white imps
  An ufetubus (D:5)
  4 worms
  85 orcs
  8 endoplasms
  5 giant cockroaches
  16 goblins
  9 hobgoblins
  5 quokkas
  6 ball pythons
  8 bats
  5 frilled lizards
  23 kobolds
  2 rats (D:3)
525 creatures vanquished.

Vanquished Creatures (collateral kills)
  A rime drake (Lair:3)
1 creature vanquished.

Vanquished Creatures (others)
  An orc wizard (Orc:2)
  A shadow imp (D:8)
  29 fungi
  30 plants
  13 withered plants (Lair:5)
74 creatures vanquished.

Grand Total: 600 creatures vanquished

Notes
Turn   | Place    | Note
-------+----------+-------------------------------------------
     0 | D:1      | bpung the Gargoyle Fighter began the quest for the Orb.
     0 | D:1      | Reached XP level 1. HP: 14/14 MP: 1/1
   136 | D:1      | Reached XP level 2. HP: 19/19 MP: 2/2
   490 | D:1      | You fall into a shaft and drop 1 floor!
   498 | D:2      | Gained mutation: Armour fits poorly on your strangely
                  | shaped body. [potion of mutation]
   498 | D:2      | Gained mutation: You have a pair of small antennae on your
                  | head. [potion of mutation]
   670 | D:2      | Reached XP level 3. HP: 6/24 MP: 3/3
   702 | D:2      | Noticed Sigmund
   713 | D:2      | Killed Sigmund
   714 | D:2      | Reached XP level 4. HP: 5/30 MP: 4/4
   714 | D:2      | Reached XP level 5. HP: 5/34 MP: 5/5
   895 | D:2      | Reached XP level 6. HP: 39/39 MP: 6/6
  1098 | D:2      | Noticed Robin
  1155 | D:2      | Killed Robin
  2207 | D:3      | Found a sparkling altar of Nemelex Xobeh.
  2389 | D:4      | Reached skill level 5 in Armour
  2676 | D:4      | Reached skill level 5 in Fighting
  2676 | D:4      | Reached skill level 5 in Shields
  2676 | D:4      | Reached XP level 7. HP: 37/44 MP: 7/7
  3014 | D:4      | Found a snail-covered altar of Cheibriados.
  3551 | D:4      | Found a shimmering altar of Xom.
  4004 | D:5      | Entered Level 5 of the Dungeon
  4010 | D:5      | Identified a scroll of acquirement
  4010 | D:5      | Acquired the +10 plate armour of Cucil {Regen+ rCorr MP+9}
  4534 | D:5      | Found a staircase to the Ecumenical Temple.
  4545 | Temple   | Entered the Ecumenical Temple
  4553 | Temple   | Became a worshipper of Makhleb the Destroyer
  4732 | D:5      | Reached XP level 8. HP: 49/51 MP: 8/8
  5054 | D:6      | Lost mutation: Armour fits poorly on your strangely shaped
                  | body. [potion of mutation]
  5054 | D:6      | Lost mutation: You have a pair of small antennae on your
                  | head. [potion of mutation]
  5054 | D:6      | Gained mutation: Your mind is acute. (Int +4, Str/Dex -1)
                  | [potion of mutation]
  5127 | D:6      | Reached skill level 1 in Invocations
  5142 | D:6      | Reached skill level 5 in Maces & Flails
  5199 | D:6      | Found a stormy altar of Qazlal.
  5897 | D:7      | Noticed Menkaure
  5922 | D:7      | Reached XP level 9. HP: 24/56 MP: 11/11
  5925 | D:7      | Killed Menkaure
  5925 | D:7      | Reached * piety under Makhleb
  6213 | D:7      | Found a shadowy altar of Dithmenos.
  6252 | D:7      | Found a large runed translucent door.
  6253 | D:7      | Found a large runed translucent door.
  6258 | D:7      | Noticed cheesebisquit's ghost (novice GrEE)
  6771 | D:8      | Found Veesigis's Antique Armour Emporium.
  6816 | D:8      | Found an opulent altar of Gozag.
  7197 | D:8      | Reached ** piety under Makhleb
  7407 | D:8      | Found an ancient bone altar of Kikubaaqudgha.
  7655 | D:9      | Reached skill level 5 in Invocations
  7655 | D:9      | Reached XP level 10. HP: 42/64 MP: 13/13
  7803 | D:9      | Found a sacrificial altar of Ru.
  7880 | D:9      | Found Dogitiat's Jewellery Emporium.
  7894 | D:9      | Bought an amulet of reflection for 360 gold pieces
  7919 | D:9      | Found a staircase to the Orcish Mines.
  7927 | D:9      | Noticed a two-headed ogre
  7928 | D:9      | Noticed Maurice
  7944 | D:9      | Killed a two-headed ogre
  7957 | D:9      | Killed Maurice
  8156 | D:9      | Noticed Harold
  8185 | D:9      | Killed Harold
  8208 | D:9      | Noticed Erica
  8244 | D:9      | Killed Erica
  8305 | D:10     | Entered Level 10 of the Dungeon
  8389 | D:10     | Reached XP level 11. HP: 69/69 MP: 16/16
  8456 | D:10     | Reached *** piety under Makhleb
  8524 | D:10     | Noticed Josephine
  8579 | D:10     | Killed Josephine
  9189 | Orc:1    | Entered Level 1 of the Orcish Mines
  9419 | Orc:1    | Noticed an orc sorcerer
  9432 | Orc:1    | Killed an orc sorcerer
  9519 | Orc:2    | Entered Level 2 of the Orcish Mines
  9532 | Orc:2    | Found a staircase to the Elven Halls.
  9762 | Orc:1    | Reached **** piety under Makhleb
  9916 | Orc:2    | Noticed an orc high priest
 10151 | Orc:1    | Killed an orc high priest
 10152 | Orc:1    | Reached skill level 10 in Armour
 10318 | D:11     | Noticed a boulder beetle
 10336 | D:11     | Killed a boulder beetle
 10337 | D:11     | Reached skill level 10 in Shields
 10489 | D:11     | Reached skill level 10 in Fighting
 10559 | D:11     | Reached XP level 12. HP: 77/77 MP: 18/18
 10719 | D:11     | Noticed a two-headed ogre
 10747 | D:11     | Killed a two-headed ogre
 11118 | D:11     | Found a staircase to the Lair.
 11596 | Lair:1   | Entered Level 1 of the Lair of Beasts
 11778 | Lair:1   | You fall into a shaft and drop 1 floor!
 12691 | Lair:2   | Reached skill level 10 in Maces & Flails
 13039 | Lair:2   | Noticed Maggie
 13075 | Lair:2   | Killed Maggie
 13497 | Lair:3   | Reached XP level 13. HP: 84/84 MP: 20/20
 13634 | Lair:3   | Found a hole to the Spider Nest.
 13660 | Lair:3   | Noticed Urug
 13693 | Lair:3   | Killed Urug
 14001 | Lair:3   | Reached skill level 10 in Invocations
 14098 | Lair:3   | Found a staircase to the Swamp.
 14153 | Lair:3   | Reached ***** piety under Makhleb
 14582 | Lair:4   | Found a staircase to the Slime Pits.
 15313 | Lair:5   | Entered Level 5 of the Lair of Beasts
 15401 | Lair:5   | Found a stormy altar of Qazlal.
 15830 | Lair:5   | Gained mutation: Your large and strong wings let you fly.
                  | [Gargoyle growth]
 15830 | Lair:5   | Reached XP level 14. HP: 92/92 MP: 22/22
 16278 | Lair:5   | Reached ****** piety under Makhleb
 16374 | Lair:5   | Noticed a dire elephant
 16374 | Lair:5   | Noticed a dire elephant
 16381 | Lair:5   | Noticed a dire elephant
 16383 | Lair:5   | Noticed a dire elephant
 16457 | Lair:4   | Killed a dire elephant
 16828 | Orc:2    | Found Seoraef's Magic Scroll Boutique.
 16828 | Orc:2    | Found Jusucru's Distillery.
 17482 | Orc:2    | Found Ellun's Weapon Emporium.
 17534 | Orc:2    | Found Qolopluadij's Antique Armour Boutique.
 17627 | Orc:2    | Bought a glowing scarf for 216 gold pieces
 17701 | Orc:2    | Gained mutation: You are vulnerable to cold. (rC-) [a
                  | neqoxec]
 17702 | Orc:2    | Lost mutation: You are vulnerable to cold. (rC-) [a
                  | neqoxec]
 17711 | Orc:2    | HP: 3/94 [orc priest/divine providence (19)]
 17714 | Orc:2    | Killed from afar by an orc priest

Illustrated notes

Levels and vault maps discovered:
D:1:      giann_horns, layout_rooms, feat_on_display
D:2:      layout_loops_ring, hex_tiny, minmay_split_cup_small, uniq_robin,
          uniq_sigmund
D:3:      kennysheep_six_static_rooms, layout_rooms, general_overflow_altar
D:4:      minmay_chambers_of_fours, layout_basic, mainiacjoe_overflow_24_doors,
          mainiacjoe_overflow_catwalk
D:5:      layout_loops_corners, temple_fountains
D:6:      layout_loops_ring, old_standard_altar
D:7:      layout_loops_ring, mainiacjoe_overflow_chevrons,
          ebering_ghost_disaster_area, uniq_menkaure
D:8:      layout_basic, nicolae_gozag_cash_rules_everything_around_me,
          mainiacjoe_overflow_small_starburst, serial_shops, shop,
          serial_curves, eino_curves_04, eino_curves_04, minmay_holes
D:9:      layout_rooms, nicolae_ru_the_path_less_chosen,
          minmay_shop_enchanted_jewellery, uniq_erica, uniq_maurice, uniq_harold
D:10:     layout_basic, uniq_josephine
D:11:     layout_long_grid, lair_entry_dummy, minmay_lindwurm_lava
Temple:   dpeg_chambers_temple
Lair:1:   layout_roguey, beast_lair_carwin_9
Lair:2:   layout_regular_city, st_stairs_4, uniq_maggie
Lair:3:   layout_loops_ring, minmay_swamp_entry_eels,
          hellmonk_spider_entry_not_the_bees, chequers_serial_rivers_micro_a,
          chequers_serial_rivers_room_b, uniq_urug
Lair:4:   layout_gridlike, nicolae_slime_entry_field_trip
Lair:5:   due_jungle_book, layout_cave_shapes, basic_altar
Orc:1:    nicolae_orc_accident_3, layout_caves
Orc:2:    st_orc_town, layout_caves

Skill      XL: |  1  2  3  4  5  6  7  8  9 10 11 12 13 14 |
---------------+-------------------------------------------+-----
Fighting       | 4 5 6 7 8 10 11 12 13 | 13.0
Maces & Flails | 3 4 5 6 7 9 10 11 | 11.8
Armour         | 4 5 6 7 9 10 11 12 13 | 13.1
Shields        | 4 5 6 7 9 10 11 12 13 | 13.0
Invocations    | 3 5 6 8 9 11 | 11.7

Action                     |  1- 3 |  4- 6 |  7- 9 | 10-12 | 13-15 || total
---------------------------+-------+-------+-------+-------+-------++-------
  Melee: Flail             |    80 |   204 |   349 |       |       ||   633
         Whip              |       |       |   252 |  1301 |   530 ||  2083
         Morningstar       |       |       |       |    40 |   654 ||   694
 Invoke: Lesser Servant of |       |       |       |       |     1 ||     1
    Use: Potion            |     4 |     5 |     5 |     3 |       ||    17
         Scroll            |     1 |     5 |     6 |     4 |     4 ||    20
   Stab: Invisible         |       |     1 |       |       |       ||     1
 Armour: Scale mail        |    67 |    92 |     9 |       |       ||   168
         Chain mail        |       |       |    36 |       |       ||    36
         Plate armour      |       |       |   374 |   660 |  1069 ||  2103
  Dodge: Dodged            |    54 |   130 |   165 |   236 |   328 ||   913
  Block: Buckler           |    15 |    62 |   143 |   618 |   899 ||  1737
         Reflection        |       |       |       |     7 |    10 ||    17

Table legend: (Time is in decaauts)
 A = Elapsed time spent in this place.
 B = Non-inter-level travel time spent in this place.
 C = Inter-level travel time spent in this place.
 D = Time resting spent in this place.
 E = Time spent auto-exploring this place.
 F = Levels seen in this place.
 G = Mean time per level.
                   A        B        C        D        E       F      G
               +--------+--------+--------+--------+--------+-----+--------+
         Total |  17251 |  16624 |    627 |   2123 |   8877 |  19 |  907.9 |
       Dungeon |  10589 |  10176 |    413 |   1284 |   5755 |  11 |  962.6 |
        Temple |     16 |      8 |      8 |      0 |      0 |   1 |   16.0 |
          Lair |   4637 |   4455 |    182 |    266 |   2607 |   5 |  927.4 |
  Orcish Mines |   2008 |   1986 |     22 |    573 |    515 |   2 | 1004.0 |
               +--------+--------+--------+--------+--------+-----+--------+

Top non-repeatable levels by time:
     D:4: 1343 daAuts
    D:11: 1230 daAuts
   Orc:1: 1164 daAuts
     D:2: 1149 daAuts
  Lair:4: 1106 daAuts
     D:3: 1070 daAuts
     D:5: 1032 daAuts
  Lair:3: 929 daAuts
  Lair:2: 897 daAuts
  Lair:1: 878 daAuts
     D:7: 871 daAuts
    D:10: 862 daAuts
     D:6: 852 daAuts
     D:8: 845 daAuts
   Orc:2: 843 daAuts
